[Event "Gibraltar Masters 18th"]
[Site "Gibraltar"]
[Date "2020.01.28"]
[Round "8.16"]
[White "Vocaturo, Daniele"]
[Black "Aryan, Chopra"]
[Result "1/2-1/2"]
[ECO "D85"]
[WhiteElo "2622"]
[BlackElo "2562"]
[PlyCount "60"]
[EventDate "2020.01.21"]
[EventType "swiss"]
[EventRounds "10"]
[EventCountry "GGB"]
[SourceTitle "BritBase"]
[Source "John Saunders"]
[SourceDate "2021.06.05"]
[SourceVersion "1"]
[SourceVersionDate "2021.06.05"]
[SourceQuality "1"]
[TimeControl "40/100:0"]
[WhiteClock "0:12:39"]
[BlackClock "0:37:41"]

1. d4 Nf6 2. c4 g6 3. Nc3 d5 4. cxd5 Nxd5 5. e4 Nxc3 6. bxc3 Bg7 7. Nf3 c5 8. Rb1 O-O 9. Be2 Nc6 10. d5 Ne5 11. Nxe5 Bxe5 12. Qd2 e6 13.
f4 Bc7 14. O-O exd5 15. exd5 Ba5 16. d6 Rb8 17. Ba3 b6 18.
Rb5 Re8 19. Rxa5 bxa5 20. Bxc5 Bd7 21. h3 Qf6 22. f5 Bxf5 23.
d7 Red8 24. g4 Qe5 25. Bd6 Rb2 26. Qxb2 Qxd6 27. gxf5 Qg3+ 28. Kh1 Qxh3+ 29. Kg1 Qg3+ 30. Kh1 Qh3+ 1/2-1/2

[Event "Gibraltar Masters 18th"]
[Site "Gibraltar"]
[Date "2020.01.28"]
[Round "8.17"]
[White "Khotenashvili, Bela"]
[Black "Yilmaz, Mustafa"]
[Result "0-1"]
[ECO "E04"]
[WhiteElo "2446"]
[BlackElo "2607"]
[PlyCount "106"]
[EventDate "2020.01.21"]
[EventType "swiss"]
[EventRounds "10"]
[EventCountry "GGB"]
[SourceTitle "BritBase"]
[Source "John Saunders"]
[SourceDate "2021.06.05"]
[SourceVersion "1"]
[SourceVersionDate "2021.06.05"]
[SourceQuality "1"]
[TimeControl "40/100:0"]
[WhiteClock "0:01:12"]
[BlackClock "0:21:09"]

1. d4 Nf6 2. c4 e6 3. Nf3 d5 4. g3 dxc4 5. Bg2 a6 6. O-O Nc6 7. e3 Rb8 8. Qe2 b5 9. b3 cxb3 10. axb3 Bd6 11. Bb2 Nb4 12. Rc1 Bb7 13. Na3 O-O 14. Nc2 Nxc2 15. Qxc2 Be4 16. Qd1 Rb6 17. Ne1 Bxg2 18. Kxg2 Qa8+ 19. f3 a5 20. Nd3 Ra6 21. e4 c6 22. Ra2 Nd7 23. Bc3 Rb8 24. Ba1 Bf8 25.
Rac2 Qb7 26. Qe2 Rba8 27. h4 a4 28. b4 Bd6 29. h5 h6 30. Kh2 a3 31. Ra2 Nb6 32. f4 Qd7 33. Rd1 Nc4 34. g4 Qe7 35. Bc3 Rd8 36. Qf2 Bc7 37.
Nc5 Ra7 38. Rg1 f6 39. Kh1 e5 40. dxe5 fxe5 41. g5 hxg5 42. Rxg5 Bb6 43. h6 Bxc5 44. bxc5 Rd1+ 45. Kh2 Qf6 46. Qh4 Qxf4+ 47. Qxf4 exf4 48. hxg7 Rd3 49. Ba1 b4 50. Rg6 b3 51. Rxc6 Rd8 52. Rh6 Rxg7 53. Bxg7 Kxg7 0-1

[Event "Gibraltar Masters 18th"]
[Site "Gibraltar"]
[Date "2020.01.28"]
[Round "8.18"]
[White "Matlakov, Maxim"]
[Black "Gagare, Shardul"]
[Result "1-0"]
[ECO "C91"]
[WhiteElo "2698"]
[BlackElo "2481"]
[PlyCount "93"]
[EventDate "2020.01.21"]
[EventType "swiss"]
[EventRounds "10"]
[EventCountry "GGB"]
[SourceTitle "BritBase"]
[Source "John Saunders"]
[SourceDate "2021.06.05"]
[SourceVersion "1"]
[SourceVersionDate "2021.06.05"]
[SourceQuality "1"]
[TimeControl "40/100:0"]
[WhiteClock "0:55:21"]
[BlackClock "0:44:05"]

1. e4 e5 2. Nf3 Nc6 3. Bb5 a6 4. Ba4 Nf6 5. O-O Be7 6. Re1 b5 7. Bb3 d6 8. c3 O-O 9. d4 Bg4 10. Be3 exd4 11. cxd4 d5 12. e5 Ne4 13. h3 Bh5 14. Nbd2 Nxd2 15. Qxd2 Bxf3 16. Qc3 Rb8 17. gxf3 Qd7 18. a3 b4 19. Qc2 Na5 20. Ba4 Qxh3 21. Qxc7 Nc4 22. Qxe7 Rb6 23. Bg5 Nd2 24. Bxd2 Rg6+ 25. Qg5 Qf5 26. Qg3 Rxg3+ 27. fxg3 Qxf3 28. Bf4 g5 29. Bd1 Qd3 30. Be3 f5 31. axb4 f4 32. Ra3 Qc4 33. Bf2 fxg3 34. Rxg3 Rxf2 35. Kxf2 Qxd4+ 36. Kf1 Kf7 37. e6+ Ke7 38. Rf3 Qc4+ 39. Re2 Qh4 40. Rf7+ Kd6 41. e7 Qh1+ 42. Kf2 Qh4+ 43. Ke3 Qe4+ 44. Kd2 Qxb4+ 45. Kc1 Qc4+ 46. Kb1 Qd3+ 47. Ka2 1-0

[Event "Gibraltar Masters 18th"]
[Site "Gibraltar"]
[Date "2020.01.28"]
[Round "8.19"]
[White "Lalith, Babu M R"]
[Black "Le, Quang Liem"]
[Result "0-1"]
[ECO "E16"]
[WhiteElo "2558"]
[BlackElo "2713"]
[PlyCount "76"]
[EventDate "2020.01.21"]
[EventType "swiss"]
[EventRounds "10"]
[EventCountry "GGB"]
[SourceTitle "BritBase"]
[Source "John Saunders"]
[SourceDate "2021.06.05"]
[SourceVersion "1"]
[SourceVersionDate "2021.06.05"]
[SourceQuality "1"]
[TimeControl "40/100:0"]
[WhiteClock "0:13:15"]
[BlackClock "0:23:45"]

1. d4 Nf6 2. c4 e6 3. Nf3 b6 4. g3 Bb7 5. Bg2 g6 6. Qc2 Bg7 7. Nc3 O-O 8.
O-O d5 9. Ne5 Nbd7 10. Rd1 c6 11. Bg5 h6 12. Nxd7 Qxd7 13. Bxf6 Bxf6 14. e4 dxc4 15. e5 Be7 16. Ne4 Kg7 17. Qxc4 Rfd8 18. Qe2 Qc7 19. Rac1 Rd7 20. Qe3 Rad8 21. Nf6 Bxf6 22. exf6+ Kh7 23. Rc4 Qd6 24. Rdc1 b5 25. Rc5 Qxd4 26. Qxd4 Rxd4 27. Bxc6 Bxc6 28. Rxc6 g5 29. R1c5 Rd2 30. Rxb5 Re2 31. Rc3 Rdd2 32. Rf3 e5 33. Rb7 Kg6 34. Rb8 e4 35. Rg8+ Kh5 36. Re3 Rxe3 37. fxe3 Kg4 38. Kf1 Rxb2 0-1

[Event "Gibraltar Masters 18th"]
[Site "Gibraltar"]
[Date "2020.01.28"]
[Round "8.20"]
[White "Sasikiran, Krishnan"]
[Black "Sadhwani, Raunak"]
[Result "1/2-1/2"]
[ECO "C43"]
[WhiteElo "2648"]
[BlackElo "2522"]
[PlyCount "133"]
[EventDate "2020.01.21"]
[EventType "swiss"]
[EventRounds "10"]
[EventCountry "GGB"]
[SourceTitle "BritBase"]
[Source "John Saunders"]
[SourceDate "2021.06.05"]
[SourceVersion "1"]
[SourceVersionDate "2021.06.05"]
[SourceQuality "1"]
[TimeControl "40/100:0"]
[WhiteClock "0:05:29"]
[BlackClock "0:14:38"]

1. e4 e5 2. Nf3 Nf6 3. d4 Nxe4 4. Bd3 d5 5. Nxe5 Nd7 6.
Nc3 Nxe5 7. dxe5 Nxc3 8. bxc3 Be7 9. O-O O-O 10. f4 f5 11.
Be3 Be6 12. Qe2 c6 13. a4 Qa5 14. Bd2 Bc5+ 15. Kh1 Qc7 16. Rab1 Qf7 17. Be3 b6 18. Rfd1 Bxe3 19. Qxe3 Qe7 20. Be2 Qa3 21. Ra1 Qc5 22. Qd4 Qxd4 23. cxd4 Rac8 24. Kg1 Kf7 25. Ra3 g6 26. Rh3 Kg7 27. a5 b5 28. Rc3 h5 29. Kf2 h4 30. Rc5 Bd7 31. Rd3 Rh8 32. Re3 Kf7 33.
Rec3 Ke7 34. Ke3 Kf7 35. Kd2 Ke7 36. Bf3 Ke6 37. Ke3 Ke7 38.
Kf2 Kf7 39. Kg1 Ke7 40. Be2 Kf7 41. Rh3 Ke7 42. Re3 Kf7 43.
h3 Ke7 44. Kf2 Kf7 45. Bf1 Ke7 46. Rec3 Kf7 47. Be2 Ke7 48. Re3 Kf7 49. g3 hxg3+ 50. Kxg3 Ke7 51. h4 Be6 52. Rec3 Bd7 53. Bf3 Rhg8 54. Re3 Rh8 55. Re1 b4 56. Rb1 Rb8 57. Rb3 Rhc8 58. Be2 Ke6 59. Ba6 Rh8 60. c3 g5 61. hxg5 Rh1 62. Be2 Rbh8 63. Bf3 R1h2 64. Bg2 R2h4 65. Bf3 Rh2 66. Bg2 R2h4 67. Bf3 1/2-1/2

[Event "Gibraltar Masters 18th"]
[Site "Gibraltar"]
[Date "2020.01.28"]
[Round "8.21"]
[White "Deac, Bogdan-Daniel"]
[Black "Barbosa, Evandro Amorim"]
[Result "1-0"]
[ECO "A34"]
[WhiteElo "2626"]
[BlackElo "2501"]
[PlyCount "79"]
[EventDate "2020.01.21"]
[EventType "swiss"]
[EventRounds "10"]
[EventCountry "GGB"]
[SourceTitle "BritBase"]
[Source "John Saunders"]
[SourceDate "2021.06.05"]
[SourceVersion "1"]
[SourceVersionDate "2021.06.05"]
[SourceQuality "1"]
[TimeControl "40/100:0"]
[WhiteClock "0:20:22"]
[BlackClock "0:01:00"]

1. Nf3 c5 2. c4 Nc6 3. Nc3 e5 4. e3 Nf6 5. d4 e4 6. d5 exf3 7. dxc6 bxc6 8. Qxf3 Bd6 9. g4 O-O 10. Bd3 Qe7 11. g5 Ne8 12. Qe4 Qxe4 13. Bxe4 f5 14. Bg2 Be7 15. f4 Bb7 16. b3 Nc7 17. Bb2 d5 18.
O-O-O Rad8 19. Rd2 dxc4 20. Rxd8 Rxd8 21. bxc4 Ba6 22. Bf1 Na8 23. Nb1 Nb6 24. Nd2 Bd6 25. h4 Na4 26. Ba1 Bc7 27. Kc2 Re8 28.
Rh3 Nb6 29. Bd3 Bd6 30. h5 Bc7 31. Bxf5 Nxc4 32. Nxc4 Bxc4 33. h6 Bf1 34. Rf3 Bg2 35. Rg3 Be4+ 36. Bxe4 Rxe4 37. Bxg7 Kf7 38. Bc3 Kg6 39. Kd3 Ra4 40. Rg2 1-0

[Event "Gibraltar Masters 18th"]
[Site "Gibraltar"]
[Date "2020.01.28"]
[Round "8.22"]
[White "Ali Marandi, Cemil Can"]
[Black "Durarbayli, Vasif"]
[Result "0-1"]
[ECO "B08"]
[WhiteElo "2546"]
[BlackElo "2625"]
[PlyCount "106"]
[EventDate "2020.01.21"]
[EventType "swiss"]
[EventRounds "10"]
[EventCountry "GGB"]
[SourceTitle "BritBase"]
[Source "John Saunders"]
[SourceDate "2021.06.05"]
[SourceVersion "1"]
[SourceVersionDate "2021.06.05"]
[SourceQuality "1"]
[TimeControl "40/100:0"]
[WhiteClock "0:27:38"]
[BlackClock "0:31:55"]

1. d4 Nf6 2. Nf3 d6 3. Nc3 g6 4. e4 Bg7 5. Be2 O-O 6. O-O Nc6 7. h3 e5 8. dxe5 dxe5 9. Qxd8 Rxd8 10. Bg5 Be6 11. Rfd1 h6 12. Bxf6 Bxf6 13. Nb5 Rac8 14. Rxd8+ Bxd8 15. Rd1 Be7 16. Nc3 Bd6 17. Nd5 f5 18. Bc4 Kf7 19. Ne3 Bxc4 20. Nxc4 Ke6 21. c3 b5 22. Ne3 Bc5 23. exf5+ gxf5 24. Nc2 a5 25. a3 a4 26. Kf1 Rb8 27. g3 Rd8 28. Rxd8 Nxd8 29. g4 fxg4 30. hxg4 Kd5 31. Ke2 Ne6 32. Ne3+ Ke4 33. Nh4 Nf4+ 34. Kd2 Bxe3+ 35. fxe3 Nd3 36. Nf5 Nxb2 37. Nxh6 Nc4+ 38. Ke2 Nxe3 39. g5 Nd5 40. Kd2 Ne7 41. Nf7 Ng6 42. Ke2 Kd5 43. Kd3 e4+ 44. Kd2 Kc4 45. Nd8 Kd5 46. Nf7 Nh4 47. Ke3 c5 48. Kd2 b4 49. cxb4 cxb4 50. axb4 e3+ 51. Kxe3 a3 52. g6 Nxg6 53. Ng5 a2 0-1

[Event "Gibraltar Masters 18th"]
[Site "Gibraltar"]
[Date "2020.01.28"]
[Round "8.23"]
[White "Tan, Zhongyi"]
[Black "Chigaev, Maksim"]
[Result "1-0"]
[ECO "E90"]
[WhiteElo "2493"]
[BlackElo "2616"]
[PlyCount "119"]
[EventDate "2020.01.21"]
[EventType "swiss"]
[EventRounds "10"]
[EventCountry "GGB"]
[SourceTitle "BritBase"]
[Source "John Saunders"]
[SourceDate "2021.06.05"]
[SourceVersion "1"]
[SourceVersionDate "2021.06.05"]
[SourceQuality "1"]
[TimeControl "40/100:0"]
[WhiteClock "1:00:58"]
[BlackClock "0:23:48"]

1. d4 Nf6 2. c4 g6 3. Nc3 Bg7 4. e4 d6 5. h3 O-O 6. Be3 Na6 7. Nf3 c6 8. Be2 e5 9. d5 Nh5 10. O-O c5 11. Re1 Bd7 12. a3 Kh8 13. Nb5 Qe7 14. Rb1 Nf6 15.
Bd3 Ng8 16. b4 b6 17. Bc2 Bh6 18. Ba4 Rfc8 19. Nd2 Kg7 20. Nc3 Nb8 21. Qe2 f6 22. Nb3 Bxe3 23. fxe3 Bxa4 24. Nxa4 Nh6 25. bxc5 dxc5 26. Nc3 Nf7 27. Nd2 Na6 28. Rf1 Nc7 29. a4 Nd6 30. a5 Rab8 31. axb6 axb6 32. Rb2 Na6 33. Nb5 Nb4 34. Nxd6 Qxd6 35. Nb1 Ra8 36. Nc3 Qe7 37. Nb5 Rf8 38. Qg4 h5 39. Qg3 Ra5 40. Rd2 Rxb5 41. cxb5 c4 42. Rc1 Qc5 43. Qe1 c3 44. Qe2 Rc8 45. Kh2 Qd6 46. Rdd1 c2 47. Rd2 Qc5 48. h4 Qc3 49. d6 Qa3 50. Qf1 Qxe3 51. d7 Rd8 52.
Rd6 f5 53. Rxg6+ Kxg6 54. Qxf5+ Kh6 55. Qf6+ Kh7 56. Qe7+ Kh6 57. Rf1 Rg8 58. Rf6+ Rg6 59. Qf8+ Kh7 60. Rf7+ 1-0

[Event "Gibraltar Masters 18th"]
[Site "Gibraltar"]
[Date "2020.01.28"]
[Round "8.24"]
[White "Can, Emre"]
[Black "Gordon, Stephen J"]
[Result "1-0"]
[ECO "D43"]
[WhiteElo "2600"]
[BlackElo "2504"]
[PlyCount "49"]
[EventDate "2020.01.21"]
[EventType "swiss"]
[EventRounds "10"]
[EventCountry "GGB"]
[SourceTitle "BritBase"]
[Source "John Saunders"]
[SourceDate "2021.06.05"]
[SourceVersion "1"]
[SourceVersionDate "2021.06.05"]
[SourceQuality "1"]
[TimeControl "40/100:0"]
[WhiteClock "0:31:00"]
[BlackClock "0:14:38"]

1. d4 Nf6 2. c4 e6 3. Nf3 d5 4. Nc3 c6 5. Qd3 dxc4 6. Qxc4 b5 7. Qd3 a6 8. Bg5 c5 9. Bxf6 gxf6 10. d5 Bg7 11. e4 O-O 12. Rd1 exd5 13.
exd5 b4 14. Ne4 Re8 15. Be2 c4 16. Qxc4 a5 17. Ng3 f5 18.
O-O Bxb2 19. Bd3 Qf6 20. Rfe1 Rd8 21. Qf4 Bc3 22. Re3 Nd7 23. Nh5 Qg6 24. Nh4 Qxh5 25. Be2 1-0

[Event "Gibraltar Masters 18th"]
[Site "Gibraltar"]
[Date "2020.01.28"]
[Round "8.25"]
[White "Santos Latasa, Jaime"]
[Black "Quintiliano Pinto, Renato R"]
[Result "1-0"]
[ECO "B90"]
[WhiteElo "2586"]
[BlackElo "2471"]
[PlyCount "123"]
[EventDate "2020.01.21"]
[EventType "swiss"]
[EventRounds "10"]
[EventCountry "GGB"]
[SourceTitle "BritBase"]
[Source "John Saunders"]
[SourceDate "2021.06.05"]
[SourceVersion "1"]
[SourceVersionDate "2021.06.05"]
[SourceQuality "1"]
[TimeControl "40/100:0"]
[WhiteClock "1:22:30"]
[BlackClock "0:44:13"]

1. e4 c5 2. Nf3 d6 3. d4 cxd4 4. Nxd4 Nf6 5. Nc3 a6 6. Be3 e5 7. Nb3 Be6 8. f3 h5 9. Nd5 Bxd5 10. exd5 Nbd7 11. Qd2 g6 12. Be2 Bg7 13. O-O-O Nb6 14. Qa5 Bh6 15. Bxh6 Rxh6 16. f4 exf4 17. Rhf1 Nbd7 18. Qb4 Qc7 19. Rxf4 Kf8 20. Rdf1 Re8 21. Bd3 Kg7 22. Qd4 Re5 23. Qf2 Qd8 24. Nd4 Qe7 25. Qg3 h4 26. Qf2 Rhh5 27. Bxa6 bxa6 28. Nc6 Qe8 29. Rxf6 Nxf6 30. Qxf6+ Kg8 31. Nxe5 Rxe5 32. Qxh4 Re4 33. Qg3 Re3 34. Qg4 Re4 35. Qd1 Re2 36. Qd4 Re4 37. Qc3 Re3 38. Qa5 Re2 39. Kb1 Rxc2 40. Kxc2 Qe2+ 41. Kc3 Qe3+ 42. Kb4 Qd2+ 43. Ka4 Qc2+ 44. Ka3 Qd3+ 45. b3 Qxf1 46. Qd8+ Kg7 47. Qxd6 Qc1+ 48. Ka4 Qb2 49. a3 Qxg2 50. Qe5+ Kh7 51. b4 f5 52. d6 Qc6+ 53. Ka5 f4 54. b5 axb5 55. Qxf4 Qa8+ 56. Kxb5 Qxa3 57. Qh4+ Kg7 58. Qd4+ Kf7 59. d7 Qb3+ 60. Kc6 Qc2+ 61. Kb7 Qg2+ 62. Kb6 1-0

[Event "Gibraltar Masters 18th"]
[Site "Gibraltar"]
[Date "2020.01.28"]
[Round "8.26"]
[White "Werle, Iozefina"]
[Black "Kadric, Denis"]
[Result "0-1"]
[ECO "C41"]
[WhiteElo "2271"]
[BlackElo "2585"]
[PlyCount "108"]
[EventDate "2020.01.21"]
[EventType "swiss"]
[EventRounds "10"]
[EventCountry "GGB"]
[SourceTitle "BritBase"]
[Source "John Saunders"]
[SourceDate "2021.06.05"]
[SourceVersion "1"]
[SourceVersionDate "2021.06.05"]
[SourceQuality "1"]
[TimeControl "40/100:0"]
[WhiteClock "1:03:25"]
[BlackClock "0:38:13"]

1. e4 d6 2. d4 Nd7 3. Nf3 e5 4. Nc3 Ngf6 5. Bc4 exd4 6. Qxd4 Be7 7. Bxf7+ Kxf7 8. Ng5+ Ke8 9. Ne6 c5 10. Qd1 Qb6 11. Nxg7+ Kf7 12. Nf5 Ne5 13. Nxe7 Kxe7 14. Bg5 Be6 15. f4 Nf7 16. Bxf6+ Kxf6 17. Qf3 Ke7 18. O-O-O Kf8 19. g4 Qa5 20. Kb1 b5 21. f5 Bc4 22. b3 b4 23. e5 Rd8 24. Ne4 Nxe5 25. Qf4 Qc7 26. bxc4 h6 27. Nf6 Qg7 28. Nd5 Qxg4 29. Rhe1 Qxf4 30. Nxf4 Kf7 31. Ne6 Rc8 32. Rxd6 Nxc4 33. Rd7+ Kf6 34. Ng7 Rcd8 35. Rde7 Rd2 36. h4 Rd1+ 37. Rxd1 Kxe7 38. Nh5 Rg8 39. f6+ Kf7 40. Rd7+ Ke6 41. Re7+ Kf5 42. Re1 Rf8 43. Ng3+ Kxf6 44. Rf1+ Ke7 45. Rxf8 Kxf8 46. Nf5 a5 47. Kc1 a4 48. Nxh6 Ne3 49. Kd2 c4 50. h5 a3 51. c3 b3 52. axb3 cxb3 53.
Kc1 b2+ 54. Kb1 Nd1 0-1

[Event "Gibraltar Masters 18th"]
[Site "Gibraltar"]
[Date "2020.01.28"]
[Round "8.27"]
[White "Idani, Pouya"]
[Black "Song, Raymond"]
[Result "1/2-1/2"]
[ECO "B49"]
[WhiteElo "2577"]
[BlackElo "2478"]
[PlyCount "60"]
[EventDate "2020.01.21"]
[EventType "swiss"]
[EventRounds "10"]
[EventCountry "GGB"]
[SourceTitle "BritBase"]
[Source "John Saunders"]
[SourceDate "2021.06.05"]
[SourceVersion "1"]
[SourceVersionDate "2021.06.05"]
[SourceQuality "1"]
[TimeControl "40/100:0"]
[WhiteClock "1:03:46"]
[BlackClock "1:27:31"]

1. e4 c5 2. Nf3 e6 3. d4 cxd4 4. Nxd4 Nc6 5. Nc3 Qc7 6. Be3 a6 7. a3 b5 8. Nxc6 Qxc6 9. Be2 Bb7 10. O-O Rc8 11. Bf3 Qc7 12. Qd3 Bd6 13.
g3 Be5 14. Bd4 Nf6 15. Rad1 O-O 16. Bxe5 Qxe5 17. Qd6 Qxd6 18. Rxd6 Bc6 19. Kg2 e5 20. Re1 a5 21. Re3 b4 22. axb4 axb4 23. Na2 Rb8 24. Rb3 Ba4 25. Rxb4 Bxc2 26. Rd2 Bb3 27. Rxb8 Rxb8 28. Nc3 Kf8 29. Be2 Ke7 30. f3 h5 1/2-1/2

[Event "Gibraltar Masters 18th"]
[Site "Gibraltar"]
[Date "2020.01.28"]
[Round "8.28"]
[White "Krishna, C R G."]
[Black "Peralta, Fernando"]
[Result "1/2-1/2"]
[ECO "E11"]
[WhiteElo "2436"]
[BlackElo "2574"]
[PlyCount "83"]
[EventDate "2020.01.21"]
[EventType "swiss"]
[EventRounds "10"]
[EventCountry "GGB"]
[SourceTitle "BritBase"]
[Source "John Saunders"]
[SourceDate "2021.06.05"]
[SourceVersion "1"]
[SourceVersionDate "2021.06.05"]
[SourceQuality "1"]
[TimeControl "40/100:0"]
[WhiteClock "0:02:08"]
[BlackClock "0:01:01"]

1. d4 Nf6 2. c4 e6 3. g3 d5 4. Nf3 Bb4+ 5. Bd2 Be7 6. Bg2 c6 7. Qc2 O-O 8. O-O Nbd7 9. a4 a5 10. Rc1 Ne4 11. Be1 f5 12. Nfd2 Bd6 13. Nxe4 dxe4 14. Rd1 e5 15. c5 Bc7 16. d5 cxd5 17. Rxd5 Qe7 18. Na3 Nf6 19. Rdd1 Ra6 20. Rac1 f4 21. Bxe4 fxg3 22. hxg3 Nxe4 23. Qxe4 Rh6 24. Nb5 Bb8 25. Nd6 Bxd6 26. cxd6 Rxd6 27. Rxd6 Qxd6 28. Bxa5 Qf6 29. Be1 Qf5 30. Qxf5 Bxf5 31. Rc5 e4 32. Bc3 g6 33. a5 h5 34. b4 Rc8 35. Rxc8+ Bxc8 36. b5 Kf7 37. Kf1 Ke6 38. Ke1 Kd5 39. Kd2 Kc4 40. b6 Kb5 41. Ke3 Bg4 42. Be1 1/2-1/2

[Event "Gibraltar Masters 18th"]
[Site "Gibraltar"]
[Date "2020.01.28"]
[Round "8.29"]
[White "Ramirez, Alejandro"]
[Black "Mendonca, Leon Luke"]
[Result "1/2-1/2"]
[ECO "A17"]
[WhiteElo "2574"]
[BlackElo "2417"]
[PlyCount "72"]
[EventDate "2020.01.21"]
[EventType "swiss"]
[EventRounds "10"]
[EventCountry "GGB"]
[SourceTitle "BritBase"]
[Source "John Saunders"]
[SourceDate "2021.06.05"]
[SourceVersion "1"]
[SourceVersionDate "2021.06.05"]
[SourceQuality "1"]
[TimeControl "40/100:0"]
[WhiteClock "0:03:37"]
[BlackClock "0:02:49"]

1. c4 Nf6 2. Nc3 e6 3. Nf3 Bb4 4. g4 h6 5. Rg1 b6 6. Qb3 a5 7. a3 Be7 8. h4 Bb7 9. g5 hxg5 10. hxg5 Ne4 11. Nxe4 Bxe4 12. Qe3 Bxf3 13. exf3 c5 14. b3 g6 15. Bb2 Rh4 16. f4 Nc6 17. Qg3 Rh7 18. f5 exf5 19. Bg2 Qb8 20. Qe3 Qd6 21. O-O-O O-O-O 22. Bxc6 dxc6 23. Rde1 Rd7 24. Kc2 Rh4 25. Be5 Qe6 26. Qf3 Re4 27. Rxe4 fxe4 28. Qxe4 Kb7 29. f4 Bd6 30. Re1 Bxe5 31. Qxe5 Qh3 32. Qe3 Qf5+ 33. Qe4 Qh3 34. Re3 Qh2 35. Rd3 Rxd3 36. Kxd3 Qh3+ 1/2-1/2

[Event "Gibraltar Masters 18th"]
[Site "Gibraltar"]
[Date "2020.01.28"]
[Round "8.30"]
[White "Li, Di"]
[Black "Haug, Johannes"]
[Result "1-0"]
[ECO "E11"]
[WhiteElo "2562"]
[BlackElo "2407"]
[PlyCount "83"]
[EventDate "2020.01.21"]
[EventType "swiss"]
[EventRounds "10"]
[EventCountry "GGB"]
[SourceTitle "BritBase"]
[Source "John Saunders"]
[SourceDate "2021.06.05"]
[SourceVersion "1"]
[SourceVersionDate "2021.06.05"]
[SourceQuality "1"]
[TimeControl "40/100:0"]
[WhiteClock "0:49:31"]
[BlackClock "0:01:40"]

1. Nf3 Nf6 2. c4 e6 3. d4 Bb4+ 4. Bd2 a5 5. Nc3 d5 6. e3 O-O 7. Rc1 b6 8. cxd5 exd5 9. Ne5 c5 10. Be2 Bb7 11. O-O Nc6 12. a3 Nxe5 13.
dxe5 Bxc3 14. bxc3 Ne4 15. f3 Nxd2 16. Qxd2 Qe7 17. Rb1 Qxe5 18. Rxb6 Rfb8 19. Rfb1 Bc6 20. Rxb8+ Rxb8 21. Rxb8+ Qxb8 22. c4 dxc4 23. Qxa5 Qe5 24. Qd8+ Be8 25. Kf2 g6 26. Bxc4 Kf8 27. f4 Qb2+ 28. Kf3 Qb7+ 29. Kg3 Qc6 30. h3 Kg7 31. Qe7 h5 32. e4 Qf6 33. Qxf6+ Kxf6 34. h4 Bc6 35. Kf3 Ke7 36. Ke3 f6 37. g3 Be8 38. e5 f5 39. Kd3 Kd8 40.
Kc3 Kc7 41. Bg8 Kb6 42. e6 1-0

[Event "Gibraltar Masters 18th"]
[Site "Gibraltar"]
[Date "2020.01.28"]
[Round "8.31"]
[White "Vaibhav, Suri"]
[Black "Reimanis, Ritvars"]
[Result "1-0"]
[ECO "B56"]
[WhiteElo "2593"]
[BlackElo "2370"]
[PlyCount "105"]
[EventDate "2020.01.21"]
[EventType "swiss"]
[EventRounds "10"]
[EventCountry "GGB"]
[SourceTitle "BritBase"]
[Source "John Saunders"]
[SourceDate "2021.06.05"]
[SourceVersion "1"]
[SourceVersionDate "2021.06.05"]
[SourceQuality "1"]
[TimeControl "40/100:0"]
[WhiteClock "0:05:27"]
[BlackClock "0:36:38"]

1. e4 c5 2. Nf3 Nc6 3. d4 cxd4 4. Nxd4 Nf6 5. Nc3 d6 6. f3 e5 7. Nb3 Be6 8. Nd5 Bxd5 9. exd5 Nb4 10. Bb5+ Nd7 11. Be3 Na6 12. Qd2 Nc7 13. Be2 b6 14. O-O-O a5 15. Kb1 Be7 16. g4 a4 17. Na1 Nc5 18.
c3 O-O 19. Nc2 f5 20. gxf5 Rxf5 21. Rdg1 Kh8 22. h4 Bf6 23. Rg4 Qe7 24. a3 h5 25. Re4 Qf7 26. Bxc5 bxc5 27. Ne3 Rf4 28. Qd3 Rb8 29. Bd1 Kg8 30. Ka2 Rb6 31. Rxa4 Be7 32. Re4 Rb8 33. Rh2 Kf8 34. a4 Kg8 35. Ka3 Ra8 36. Rh3 Kf8 37. Rh1 Kg8 38. Rh2 Kf8 39. Ka2 Kg8 40. Rh1 Kf8 41. Ka3 Kg8 42. Rg1 Ne8 43. Rxf4 Qxf4 44. Bc2 Bf6 45. Qh7+ Kf8 46. Qh8+ Ke7 47. Nf5+ Kd7 48. Qxh5 Kd8 49. Qf7 Rc8 50. a5 Rc7 51. Qe6 Ra7 52. Ba4 Be7 53. Qg8 1-0

[Event "Gibraltar Masters 18th"]
[Site "Gibraltar"]
[Date "2020.01.28"]
[Round "8.32"]
[White "Buckels, Valentin"]
[Black "Ivanchuk, Vassily"]
[Result "1-0"]
[ECO "B07"]
[WhiteElo "2459"]
[BlackElo "2698"]
[PlyCount "77"]
[EventDate "2020.01.21"]
[EventType "swiss"]
[EventRounds "10"]
[EventCountry "GGB"]
[SourceTitle "BritBase"]
[Source "John Saunders"]
[SourceDate "2021.06.05"]
[SourceVersion "1"]
[SourceVersionDate "2021.06.05"]
[SourceQuality "1"]
[TimeControl "40/100:0"]
[WhiteClock "0:01:04"]
[BlackClock "0:01:28"]

1. d4 Nf6 2. Bf4 d6 3. Nc3 c6 4. e4 Qa5 5. e5 dxe5 6. dxe5 Ne4 7. Nge2 g5 8. Bd2 Nxd2 9. Qxd2 Qxe5 10. O-O-O Nd7 11. g3 Bg7 12. Bh3 O-O 13. Rhe1 Nc5 14. Bxc8 Raxc8 15. Nf4 Qd6 16. Qe3 gxf4 17. gxf4 Qf6 18. Qxc5 Qxf4+ 19. Kb1 e6 20. Re4 Qf3 21. Rg1 Kh8 22. Reg4 Rg8 23. Qxa7 c5 24. R4g3 Qxf2 25. Qxb7 Rb8 26. Qe7 Rge8 27. Qh4 c4 28. Qh3 Rxb2+ 29. Kxb2 Rb8+ 30. Kc1 Qf4+ 31. Kd1 Rd8+ 32. Ke1 Qc1+ 33. Kf2 Bd4+ 34. Re3 Qd2+ 35. Ne2 Rd5 36. Rgg3 Re5 37. Rgf3 c3 38. Qh6 Bc5 39. Qf6+ 1-0

[Event "Gibraltar Masters 18th"]
[Site "Gibraltar"]
[Date "2020.01.28"]
[Round "8.33"]
[White "Bulmaga, Irina"]
[Black "Lagarde, Maxime"]
[Result "0-1"]
[ECO "C12"]
[WhiteElo "2446"]
[BlackElo "2651"]
[PlyCount "70"]
[EventDate "2020.01.21"]
[EventType "swiss"]
[EventRounds "10"]
[EventCountry "GGB"]
[SourceTitle "BritBase"]
[Source "John Saunders"]
[SourceDate "2021.06.05"]
[SourceVersion "1"]
[SourceVersionDate "2021.06.05"]
[SourceQuality "1"]
[TimeControl "40/100:0"]

1. e4 e6 2. d4 d5 3. Nc3 Nf6 4. Bg5 Bb4 5. e5 h6 6. Bh4 g5 7. Bg3 Ne4 8. Nge2 h5 9. f3 Nxg3 10. hxg3 Bd7 11. Qd2 Be7 12. f4 c5 13. dxc5 Nc6 14. O-O-O Qa5 15. Nd4 Nxd4 16. Qxd4 Bxc5 17. Qd3 O-O-O 18. Kb1 a6 19. Ne2 Bb5 20. Qc3 Qxc3 21. Nxc3 Bc6 22. Ne2 Bf2 23. Nd4 Bxg3 24. Nxc6 bxc6 25. Bxa6+ Kd7 26. fxg5 Bxe5 27. Rdf1 Ke7 28. Rh3 Rb8 29. b3 Rbg8 30. Rhf3 Rg7 31. Bd3 Rxg5 32. Rxf7+ Kd6 33. R1f2 Bd4 34. R2f4 Bc3 35. Bf1 Re5 0-1